 Dungeon Crawl Stone Soup version 0.31.0-11-ge490571c62 (webtiles) character file.

Game seed: 16101095866844093912

1078 qw the Skirmisher (level 8, -1/39 HPs)
             Began as a Spriggan Hunter on Feb 4, 2024.
             Was a Follower of Okawaru.
             Incinerated by a bombardier beetle (2 damage)
             ... with a burning spray
             ... on level 4 of the Dungeon.
             The game lasted 00:00:15 (2920 turns).

qw the Skirmisher (Spriggan Hunter)                 Turns: 2920, Time: 00:00:15

Health: -1/39      AC:  2    Str: 13    XL:     8   Next: 8%
Magic:  9/9        EV: 23    Int: 10    God:    Okawaru [*.....]
Gold:   105        SH:  0    Dex: 21    Spells: 7/7 levels left

rFire   . . .        d - +3 arbalest (elec)
rCold   . . .        (shield currently unavailable)
rNeg    . . .        c - +0 robe
rPois   +            (helmet restricted)
rElec   .            (no cloak)
rCorr   .            (gloves unavailable)
SInv    +            (boots unavailable)
Will    +....        (no amulet)
Stlth   +            b - +6 ring of strength
HPRegen 0.26/turn    j - ring of poison resistance
MPRegen 0.11/turn

%: no passive effects
@: on fire, glowing, very quick
A: very small, no large weapons, unfitting armour, see invisible, speed 3
a: Renounce Religion, Heroism


You were on level 4 of the Dungeon.
You worshipped Okawaru.
Okawaru was aware of your devotion.
You visited 2 branches of the dungeon, and saw 5 of its levels.

You collected 217 gold pieces.
You spent 112 gold pieces at shops.


Innate Abilities, Weirdness & Mutations

You are very small and have problems with some larger weapons.
You are too small for most types of armour.
You have supernaturally acute eyesight. (SInv)
You cover ground extremely quickly. (Speed+++)


   Skills:
 + Level 2.7 Fighting
 - Level 8.0 Ranged Weapons
 - Level 8.0 Dodging
 - Level 1.5 Stealth
 + Level 1.0 Invocations


You had 7 spell levels left.
You didn't know any spells.
Your spell library was empty.

Inventory:

Hand Weapons
 d - a +3 arbalest of electrocution (weapon)
Armour
 c - a +0 robe (worn)
Jewellery
 b - a +6 ring of strength (left hand)
 f - a ring of fire
 j - a ring of poison resistance (right hand)
Wands
 e - a wand of paralysis (4)
Scrolls
 a - a scroll of vulnerability {unknown}
 k - a scroll of fear {unknown}
Potions
 g - a potion of mutation
 h - a potion of attraction {unknown}
 i - 2 potions of ambrosia {unknown}
 l - a potion of curing {unknown}

Dungeon Overview and Level Annotations

Branches:
Dungeon (4/15)             Temple (1/1) D:4

Altars:
Ashenzari
Cheibriados
Dithmenos
Fedhas
Hepliaklqana
Kikubaaqudgha
Nemelex Xobeh
Okawaru
Uskayaw
Vehumet
Wu Jian
Xom
The Shining One

Shops:
D:3 =*


Message History

The jackal misses you. x2
You shoot a bolt. The bolt hits the jackal!
Lightning courses through the jackal!
You kill the jackal!
Okawaru accepts your kill.
You shoot a bolt. The bolt hits the bombardier beetle.
The bombardier beetle is lightly wounded.
You shoot a bolt. The bolt hits the bombardier beetle.
The bombardier beetle is moderately wounded.
You shoot a bolt.
The bolt hits the bombardier beetle but does no damage.
The bombardier beetle is moderately wounded.
The bombardier beetle sprays incendiary fluid at you.
The burning spray hits you.
You are covered in liquid fire!
You shoot a bolt.
The bolt barely misses the bombardier beetle.
The liquid fire burns you! The bombardier beetle bites you.
You shoot a bolt.
The bolt barely misses the bombardier beetle.
The liquid fire burns you! The bombardier beetle bites you.
You shoot a bolt. The bolt hits the bombardier beetle!
Lightning courses through the bombardier beetle!
You kill the bombardier beetle!
Okawaru accepts your kill. The liquid fire burns you!
Your Invocations skill increases to level 1!
You are on fire!
The liquid fire burns you!
You are on fire!
The liquid fire burns you!
You are on fire!
The liquid fire burns you!
You are on fire!
The liquid fire burns you!
You are on fire!
The liquid fire burns you!
You die...

#... ... #...# ..
##...# ##.. ##...#
###.. ##...#####
#.... ##.......#
#..%# ###......#
#..%#
..#......#####..@#
..#......).......##
..#......[........#
.....#............###
.....#..............#
##
.%...#....#.........#
..#
.....#....###.......#
##.. .....######
#.#.....##.... ....##
#..........#


There were no monsters in sight!

Vanquished Creatures
  Sigmund (D:4)
  A black bear (D:4)
  2 phantoms (D:4)
  Blork the orc (D:4)
  2 bombardier beetles
  A bullfrog skeleton (D:4)
  A centaur skeleton (D:4)
  A human zombie (D:4)
  2 orc priests
  A hound (D:4)
  2 scorpion zombies (D:4)
  An orc wizard (D:4)
  A hound zombie (D:4)
  Robin (D:3)
  7 adders
  3 gnolls (D:4)
  4 shadow imps (D:4)
  An adder zombie (D:4)
  An adder skeleton (D:4)
  2 dart slugs
  4 ribbon worms
  6 orcs
  7 ball pythons
  7 endoplasms
  5 giant cockroaches
  16 goblins
  9 hobgoblins
  12 jackals
  4 quokkas
  5 bats
  4 frilled lizards
  7 kobolds
  4 rats
126 creatures vanquished.

Notes
Turn   | Place    | Note
-------+----------+-------------------------------------------
     0 | D:1      | qw the Spriggan Hunter began the quest for the Orb.
     0 | D:1      | Reached XP level 1. HP: 10/10 MP: 2/2
     0 | D:1      | 0 ||| qw: Version: 0.3-a-160-g6735b56
     0 | D:1      | 0 ||| qw: Game counter: 5500
     0 | D:1      | 0 ||| qw: Melee chars always use a shield: true
     0 | D:1      | 0 ||| qw: God list: Okawaru
     0 | D:1      | 0 ||| qw: Allow faded altars: false
     0 | D:1      | 0 ||| qw: Do Orc after clearing Dungeon:15 true
     0 | D:1      | 0 ||| qw: Do second Lair branch before Depths: true
     0 | D:1      | 0 ||| qw: Lair rune preference: random
     0 | D:1      | 0 ||| qw: Goals: Normal
     0 | D:1      | 0 ||| PLANNING D:1-11
    34 | D:1      | Reached skill level 3 in Dodging
    65 | D:1      | Reached XP level 2. HP: 14/14 MP: 3/3
   331 | D:1      | Reached XP level 3. HP: 14/18 MP: 4/4
   540 | D:1      | 540 ||| READING scroll labelled JUF BOBBUES.
   540 | D:1      | 540 ||| BRANDING +0 shortbow.
   541 | D:1      | 541 ||| DRINKING 2 fizzy red potions.
   598 | D:1      | 598 ||| DROPPING scroll of butterflies.
   599 | D:1      | 599 ||| DROPPING potion of lignification.
  1028 | D:2      | Reached XP level 4. HP: 22/22 MP: 5/5
  1119 | D:2      | Found a hazy altar of Hepliaklqana.
  1372 | D:2      | 1372 ||| READING scroll labelled ITOLAI BEFU.
  1373 | D:2      | 1373 ||| READING scroll labelled YTUSUCWUUS.
  1374 | D:2      | 1374 ||| READING 2 scrolls labelled QAAXZO ESELA.
  1475 | D:2      | 1475 ||| READING scroll labelled AFOINA KIYTY.
  1476 | D:2      | 1476 ||| DROPPING scroll of silence.
  1538 | D:3      | Reached XP level 5. HP: 26/26 MP: 6/6
  1587 | D:3      | Found Kewed's Assorted Antiques.
  1593 | D:3      | 1593 ||| BUYING long bone wand (92 gold).
  1593 | D:3      | Bought a long bone wand for 92 gold pieces
  1593 | D:3      | 1593 ||| BUYING red potion (20 gold).
  1593 | D:3      | Bought a red potion for 20 gold pieces
  1593 | D:3      | 1593 ||| SHOPLISTING runed cloak (172 gold, have 22).
  1625 | D:3      | 1625 ||| FLEEEEING.
  1626 | D:3      | 1626 ||| FLEEEEING.
  1627 | D:3      | 1627 ||| FLEEEEING.
  1629 | D:3      | 1629 ||| FLEEEEING.
  1630 | D:3      | 1630 ||| FLEEEEING.
  1631 | D:3      | 1631 ||| FLEEEEING.
  1632 | D:3      | 1632 ||| FLEEEEING.
  1633 | D:3      | 1633 ||| FLEEEEING.
  1634 | D:3      | 1634 ||| FLEEEEING.
  1635 | D:3      | 1635 ||| FLEEEEING.
  1639 | D:3      | 1639 ||| FLEEEEING.
  1640 | D:3      | 1640 ||| FLEEEEING.
  1641 | D:3      | 1641 ||| FLEEEEING.
  1642 | D:3      | 1642 ||| FLEEEEING.
  1643 | D:3      | 1643 ||| FLEEEEING.
  1644 | D:3      | 1644 ||| FLEEEEING.
  1645 | D:3      | 1645 ||| FLEEEEING.
  1646 | D:3      | 1646 ||| FLEEEEING.
  1647 | D:3      | 1647 ||| FLEEEEING.
  1650 | D:3      | 1650 ||| FLEEEEING.
  1651 | D:3      | 1651 ||| FLEEEEING.
  1654 | D:3      | 1654 ||| FLEEEEING.
  1655 | D:3      | 1655 ||| FLEEEEING.
  1656 | D:3      | 1656 ||| FLEEEEING.
  1657 | D:3      | 1657 ||| FLEEEEING.
  1658 | D:3      | 1658 ||| FLEEEEING.
  1659 | D:3      | 1659 ||| STAIRDANCE
  1682 | D:2      | 1682 ||| READING scroll labelled GIAGOL QULASH.
  1682 | D:2      | 1682 ||| IDENTIFYING smoky inky potion
  1683 | D:2      | 1683 ||| DROPPING potion of berserk rage.
  1698 | D:3      | 1698 ||| STAIRDANCE
  1716 | D:3      | 1716 ||| STAIRDANCE
  1917 | D:3      | Found Jiom Lysk's Jewellery Shop.
  1971 | D:3      | Noticed Robin
  1986 | D:3      | Killed Robin
  2004 | D:3      | 2004 ||| SHOPLISTING +5 ring of evasion (504 gold, have
                  | 37).
  2004 | D:3      | 2004 ||| SHOPLISTING +6 ring of strength (504 gold, have
                  | 37).
  2004 | D:3      | 2004 ||| SHOPLISTING amulet of regeneration (420 gold, have
                  | 37).
  2004 | D:3      | 2004 ||| SHOPLISTING amulet of the acrobat (420 gold, have
                  | 37).
  2004 | D:3      | 2004 ||| SHOPLISTING ring of positive energy (280 gold,
                  | have 37).
  2004 | D:3      | 2004 ||| SHOPLISTING ring of protection from fire (350
                  | gold, have 37).
  2142 | D:3      | 2142 ||| UPGRADING to +6 ring of strength.
  2143 | D:3      | 2143 ||| READING scroll of identify.
  2143 | D:3      | 2143 ||| IDENTIFYING bubbling red potion
  2149 | D:4      | Noticed Sigmund
  2150 | D:4      | 2150 ||| ZAPPING wand of paralysis (6) at 7,3 (Sigmund;
                  | floor).
  2151 | D:4      | 2151 ||| ZAPPING wand of paralysis (5) at 6,2 (Sigmund;
                  | floor).
  2155 | D:4      | 2155 ||| STAIRDANCE
  2167 | D:4      | 2167 ||| STAIRDANCE
  2202 | D:4      | Killed Sigmund
  2203 | D:4      | Reached skill level 6 in Ranged Weapons
  2203 | D:4      | Reached XP level 6. HP: 30/30 MP: 7/7
  2248 | D:4      | Reached skill level 6 in Dodging
  2248 | D:4      | Reached XP level 7. HP: 9/35 MP: 8/8
  2415 | D:4      | Found a staircase to the Ecumenical Temple.
  2416 | D:4      | 2416 ||| PLANNING TEMPLE
  2416 | D:4      | 2416 ||| UPGRADING to ring of poison resistance.
  2417 | D:4      | 2417 ||| READING scroll labelled LAUTOU ANEYREZ.
  2417 | D:4      | Identified a scroll of acquirement
  2417 | D:4      | 2417 ||| ACQUIRING +3 arbalest of electrocution
  2417 | D:4      | Acquired a +3 arbalest of electrocution
  2419 | D:4      | 2419 ||| SWAPPING to +3 arbalest of electrocution.
  2420 | D:4      | 2420 ||| DROPPING +0 shortbow of electrocution.
  2421 | D:4      | 2421 ||| READING scroll labelled LOACEDAOWA.
  2430 | Temple   | Entered the Ecumenical Temple
  2431 | Temple   | 2431 ||| PLANNING OKAWARU WORSHIP
  2440 | Temple   | Became a worshipper of Warmaster Okawaru
  2441 | Temple   | 2441 ||| PLANNING D:1-11
  2513 | D:4      | Noticed Blork the orc
  2515 | D:4      | Killed Blork the orc
  2693 | D:4      | Found an ancient bone altar of Kikubaaqudgha.
  2775 | D:4      | Reached * piety under Okawaru
  2776 | D:4      | Reached XP level 8. HP: 39/39 MP: 9/9
  2826 | D:4      | Found a hazy altar of Hepliaklqana.
  2829 | D:4      | Found a blossoming altar of Fedhas.
  2916 | D:4      | Reached skill level 1 in Invocations
  2917 | D:4      | HP: 9/39 [burnt (5)]
  2919 | D:4      | HP: 1/39 [burnt (5)]
  2920 | D:4      | Incinerated by a bombardier beetle

Levels and vault maps discovered:
D:1:      eino_arrival_tree_alley, layout_basic
D:2:      layout_basic, basic_altar, grunt_ministairs_3, chequers_mini_garden,
          st_stairs_14, minmay_diced_spiral
D:3:      layout_basic, serial_shops, nicolae_shop_peninsula, shop, uniq_robin
D:4:      layout_basic, nzn_overflow_gifts_of_might_and_magic,
          nicolae_overflow_squiral, lemuel_mausoleum_altar_kikubaaqudgha,
          temple_fountains, kennysheep_small_circle, uniq_sigmund,
          uniq_blork_the_orc
Temple:   hellmonk_temple_rainy

Skill      XL: |  1  2  3  4  5  6  7  8 |
---------------+-------------------------+-----
Dodging        | 3 4 5 6 8 |  8.0
Ranged Weapons | 5 6 8 |  8.0
Fighting       | 2 |  2.7
Invocations    | 1 |  1.0
Stealth        | |  1.5

Action                     |  1- 3 |  4- 6 |  7- 9 || total
---------------------------+-------+-------+-------++-------
   Fire: Shortbow          |    90 |   114 |    12 ||   216
         Arbalest          |       |       |    64 ||    64
  Evoke: Wand              |       |     2 |       ||     2
    Use: Scroll            |     1 |     6 |     2 ||     9
         Potion            |     1 |       |       ||     1
 Armour: Robe              |     8 |    22 |    12 ||    42
  Dodge: Dodged            |    40 |    41 |    31 ||   112

Table legend:
 A = Non-vault XP
 B = Vault XP
 C = Vault XP percentage of total XP
 D = Non-vault monster count
 E = Vault monster count
 F = Vault count percentage of total count
                 A         B        C        D         E       F
            +---------+---------+-------+---------+---------+-------
      Total |     773 |     768 |  49.8 |      92 |      34 |  27.0
            +---------+---------+-------+---------+---------+-------
        D:1 |      48 |       0 |   0.0 |      27 |       0 |   0.0
        D:2 |      58 |      17 |  22.7 |      18 |       7 |  28.0
        D:3 |     175 |      33 |  15.9 |      25 |      11 |  30.6
        D:4 |     492 |     718 |  59.3 |      22 |      16 |  42.1
            +---------+---------+-------+---------+---------+-------
